 Dungeon Sprint DCSS version 0.28-a0-258-g8de209e91f (webtiles) character file.

Game seed: 9117894634373034970

1543 MikeHunt the Cleaver (level 8, -4/82 HPs)
             Began as a Minotaur Berserker on Aug 26, 2021.
             Was a Priest of Trog.
             Slain by a demonic crawler (6 damage)
             ... in the Dungeon (Sprint I: "Red Sonja").
             The game lasted 00:02:17 (594 turns).

MikeHunt the Cleaver (Minotaur Berserker)            Turns: 594, Time: 00:02:17

Health: -4/82      AC:  7    Str: 22    XL:     8   Next: 56%
Magic:  7/7        EV: 15    Int:  4    God:    Trog [***...]
Gold:   349        SH:  0    Dex: 12    Spells: 7/7 levels left

rFire   . . .      SeeInvis .   a - +0 hand axe
rCold   . . .      Faith    .   (no shield)
rNeg    . . .      Spirit   .   i - +0 ring mail
rPois   .          Reflect  .   (helmet restricted)
rElec   .          Harm     .   (no cloak)
rCorr   .          Rampage  .   (no gloves)
Will    ++...      NoTele   +   (no boots)
Stlth   +.........              (no amulet)
HPRegen 1.23/turn               (no ring)
MPRegen 0.10/turn               (no ring)

@: strong-willed (expiring), on berserk cooldown, regenerating (expiring)
A: horns 2, retaliatory headbutt
a: Renounce Religion, Berserk, Trog's Hand


You were in the Dungeon.
You worshipped Trog.
Trog was most pleased with you.
You visited 1 branch You collected 405 gold pieces.
You spent 56 gold pieces at shops.

Inventory:

Hand Weapons
 a - a +0 hand axe (weapon)
Armour
 b - a +0 animal skin
 i - a +0 ring mail (worn)
Scrolls
 d - a scroll of amnesia {unknown}
 e - a scroll of identify {unknown}
 h - a scroll of blinking
Potions
 c - a potion of curing
 f - 2 potions of magic
 g - a potion of berserk rage


   Skills:
 + Level 11.0 Fighting
 - Level 14.0 Axes
 + Level 10.7 Armour
 + Level 9.9 Dodging


You had 7 spell levels left.
You didn't know any spells.
Your spell library was empty.

Dungeon Overview and Level Annotations

Branches:
Dungeon (1/1)

Altars:
Cheibriados
Dithmenos
Elyvilon
Fedhas
Gozag
Hepliaklqana
Kikubaaqudgha
Makhleb
Nemelex Xobeh
Okawaru
Qazlal
Ru
Sif Muna
Trog
Uskayaw
Vehumet
Wu Jian
Xom
Yredelemnul
Zin
The Shining One
Jiyva
Lugonu

Shops:
D [


Innate Abilities, Weirdness & Mutations

You have a pair of horns on your head.
You reflexively headbutt those who attack you in melee.


Message History

You feel the effects of Trog's Hand fading.
The demonic crawler hits you.
* * * LOW HITPOINT WARNING * * *
The demonic crawler hits you!
* * * LOW HITPOINT WARNING * * *
The demonic crawler barely misses you.
Your ogre hits the demonic crawler with a +0 giant spiked club!!
The demonic crawler hits your ogre. The demonic crawler hits your ogre! x2
You slash the demonic crawler!
The demonic crawler is almost dead.
Your ring mail prevents you from hitting the demonic crawler.
The demonic crawler hits you.
* * * LOW HITPOINT WARNING * * *
The demonic crawler hits you but does no damage.
The demonic crawler barely misses you.
You hit the demonic crawler.
The demonic crawler is almost dead.
You hit the demonic crawler but do no damage.
Your ogre hits the demonic crawler with a +0 giant spiked club!!
The demonic crawler dies!
Trog accepts your kill. The demonic crawler hits you.
* * * LOW HITPOINT WARNING * * *
The demonic crawler hits you.
* * * LOW HITPOINT WARNING * * *
The demonic crawler hits you but does no damage.
Your Fighting skill increases to level 11!
Okay, then.
You feel better.
Your ogre hits the demonic crawler with a +0 giant spiked club!!
The demonic crawler barely misses you. You furiously retaliate!
You headbutt the demonic crawler. The demonic crawler barely misses you.
The demonic crawler hits you.
* * * LOW HITPOINT WARNING * * *
The demonic crawler hits you.
* * * LOW HITPOINT WARNING * * *
The demonic crawler hits you.
* * * LOW HITPOINT WARNING * * *
The demonic crawler hits you.
You die...

###################
).#..'..#__#..')..#
..').#..'..'..#)Os##+#
#'#####'#__####.@s'..#
..#...#.#### #####..+
###..##.# ## __##'#_.+
...†..._# __##_.#+#
__###+# ###


You could see 2 demonic crawlers and a friendly ogre (summoned, berserk).

Vanquished Creatures
  2 kobold demonologists (D)
  A slime creature (D)
  A yak (D)
  Sigmund (D)
  A floating eye (D)
  An ogre (D)
  A jelly (D)
  Ijyb (D)
9 creatures vanquished.

Vanquished Creatures (collateral kills)
  2 demonic crawlers (D)
2 creatures vanquished.

Grand Total: 11 creatures vanquished

Notes
Turn   | Place    | Note
-------+----------+-------------------------------------------
     0 | D        | MikeHunt the Minotaur Berserker began the quest for the
                  | Orb.
     0 | D        | Reached XP level 1. HP: 19/19 MP: 0/0
     1 | D        | Noticed Ijyb
     8 | D        | Killed Ijyb
     9 | D        | Reached skill level 7 in Axes
     9 | D        | Reached XP level 2. HP: 26/26 MP: 1/1
    52 | D        | Noticed an ogre
    58 | D        | Killed an ogre
    59 | D        | Reached skill level 11 in Axes
    59 | D        | Reached XP level 3. HP: 31/31 MP: 2/2
    59 | D        | Reached XP level 4. HP: 39/39 MP: 3/3
    68 | D        | Noticed Sigmund
    80 | D        | Killed Sigmund
    80 | D        | Reached ** piety under Trog
    81 | D        | Reached skill level 14 in Axes
    81 | D        | Reached XP level 5. HP: 20/46 MP: 4/4
   268 | D        | Found a shimmering blue altar of Sif Muna.
   269 | D        | Found an ornate altar of the Wu Jian Council.
   270 | D        | Found a radiant altar of Vehumet.
   276 | D        | Reached XP level 6. HP: 48/53 MP: 5/5
   298 | D        | Found Fanorrye's Armour Emporium.
   298 | D        | Found an ancient bone altar of Kikubaaqudgha.
   298 | D        | Found a hazy altar of Hepliaklqana.
   298 | D        | Found a stormy altar of Qazlal.
   298 | D        | Found a hide-covered altar of Uskayaw.
   298 | D        | Found a blossoming altar of Fedhas.
   298 | D        | Found a bloodstained altar of Trog.
   298 | D        | Found an iron altar of Okawaru.
   298 | D        | Found a basalt altar of Yredelemnul.
   298 | D        | Found a glowing golden altar of the Shining One.
   298 | D        | Found a snail-covered altar of Cheibriados.
   298 | D        | Found a sacrificial altar of Ru.
   298 | D        | Found a glowing silver altar of Zin.
   298 | D        | Found a shadowy altar of Dithmenos.
   298 | D        | Found a white marble altar of Elyvilon.
   298 | D        | Noticed a yak
   306 | D        | Killed a yak
   307 | D        | Reached skill level 5 in Dodging
   307 | D        | Found an opulent altar of Gozag.
   308 | D        | Found a sparkling altar of Nemelex Xobeh.
   312 | D        | Bought a +0 ring mail for 56 gold pieces
   432 | D        | Found a viscous altar of Jiyva.
   432 | D        | Found a corrupted altar of Lugonu.
   432 | D        | Noticed a slime creature
   433 | D        | Found a burning altar of Makhleb.
   433 | D        | Found a shimmering altar of Xom.
   437 | D        | Killed a slime creature
   437 | D        | Reached *** piety under Trog
   438 | D        | Reached XP level 7. HP: 68/68 MP: 6/6
   551 | D        | Noticed a kobold demonologist
   552 | D        | Noticed a kobold demonologist
   553 | D        | Noticed a chaos spawn
   556 | D        | Killed a kobold demonologist
   558 | D        | Paralysed by a floating eye for 2 turns
   565 | D        | Noticed a sun demon
   565 | D        | Killed a kobold demonologist
   565 | D        | Reached **** piety under Trog
   566 | D        | Reached skill level 10 in Fighting
   566 | D        | Reached skill level 10 in Armour
   566 | D        | Reached XP level 8. HP: 79/79 MP: 7/7
   584 | D        | Noticed a demonic crawler
   584 | D        | Noticed a demonic crawler
   584 | D        | Noticed a demonic crawler
   584 | D        | Noticed a demonic crawler
   590 | D        | Killed a demonic crawler
   593 | D        | Killed a demonic crawler
   593 | D        | HP: 1/81 [demonic crawler (4)]
   594 | D        | Slain by a demonic crawler

Illustrated notes

Levels and vault maps discovered:
D:        dungeon_sprint_1 [red_sonja_temple_1, red_sonja_temple_small_1]

Skill      XL: |  1  2  3  4  5  6  7  8 |
---------------+-------------------------+-----
Axes           | 7 11 14 | 14.0
Fighting       | 4 8 10 11 | 11.0
Armour         | 3 7 10 | 10.7
Dodging        | 3 6 9 |  9.9

Action                   |  1- 3 |  4- 6 |  7- 9 || total
-------------------------+-------+-------+-------++-------
Melee: Hand axe          |     9 |    23 |    16 ||    48
       Headbutt          |     1 |     4 |     3 ||     8
Invok: Berserk           |     2 |     2 |     1 ||     5
       Trog's Hand       |       |       |     1 ||     1
       Brothers in Arms  |       |       |     1 ||     1
  Use: Potion            |       |     2 |     1 ||     3
Armor: Animal skin       |       |     1 |       ||     1
       Ring mail         |       |       |    10 ||    10
Dodge: Dodged            |     3 |     9 |    15 ||    27

Table legend: (Time is in decaauts)
 A = Elapsed time spent in this place.
 B = Non-inter-level travel time spent in this place.
 C = Inter-level travel time spent in this place.
 D = Time resting spent in this place.
 E = Time spent auto-exploring this place.
 F = Levels seen in this place.
 G = Mean time per level.
                   A        B        C        D        E       F      G
               +--------+--------+--------+--------+--------+-----+--------+
         Total |    616 |    616 |      0 |    457 |      0 |   1 |  616.0 |
       Dungeon |    616 |    616 |      0 |    457 |      0 |   1 |  616.0 |
               +--------+--------+--------+--------+--------+-----+--------+

Top non-repeatable levels by time:
       D: 616 daAuts
